 Dungeon Crawl Stone Soup version 0.24.0 (webtiles) character file.

Game seed: 776705863300226175, levelgen mode: deterministic

85207 Faels the Carver (level 15, -12/119 HPs)
             Began as a Demonspawn Fighter on Feb 2, 2020.
             Was a High Priest of Okawaru.
             Mangled by an enormous slime creature (72 damage)
             ... on level 12 of the Dungeon.
             The game lasted 01:51:20 (34406 turns).

Faels the Carver (Demonspawn Fighter)              Turns: 34406, Time: 01:51:21

Health: -12/119    AC: 17    Str: 24    XL:     15   Next: 37%
Magic:  18/18      EV: 17    Int:  9    God:    Okawaru [*****.]
Gold:   1157       SH: 16    Dex: 15    Spells: 14/14 levels left

rFire    + . .     SeeInvis +   e - +8 long sword of the Elven Halls {freeze, rC+ Dex-3 Stlth+}
rCold    + + .     Gourm    .   z - +0 large shield {AC+3}
rNeg     . . .     Faith    .   U - +1 chain mail {rPois}
rPois    +         Spirit   .   w - +0 hat {MR+}
rElec    +         Reflect  .   C - scarf {rC+ rF+}
rCorr    +         Harm     .   h - +0 pair of gloves "Yrriseolao" {Str+3}
MR       ++...     Clarity  +   X - +1 pair of boots of Fanaticism {rElec}
Stlth    ..........             (no amulet)
HPRegen  0.29/turn              P - ring of resist corrosion
MPRegen  0.16/turn              j - ring of see invisible

@: agile, hasted, very quick
A: horns 1, repulsion field 2, clarity, dopey 1, foul stench 1, powered by pain
2, rot immunity
a: Heroism, Finesse, Renounce Religion


You were on level 12 of the Dungeon.
You worshipped Okawaru.
Okawaru was extremely pleased with you.
You were not hungry.

You visited 4 branches of the dungeon, and saw 21 of its levels.
You also visited: Volcano.

You collected 2709 gold pieces.
You spent 1552 gold pieces at shops.

Inventory:

Hand Weapons
 e - the +8 long sword of the Elven Halls (weapon) {freeze, rC+ Dex-3 Stlth+}
   (You found it on level 4 of the Dungeon)

   It has been specially enchanted to freeze those struck by it, causing extra
   injury to most foes and up to half again as much damage against particularly
   susceptible opponents.
   It can also slow down cold-blooded creatures.
   It affects your dexterity (-3).
   It protects you from cold.
   It makes you more stealthy.
 Y - a +9 demon trident of venom
 Z - the +5 trident of Departure {freeze, *Rage +Inv +Fly rF++}
   (You took it off a centaur on level 8 of the Dungeon)

   It has been specially enchanted to freeze those struck by it, causing extra
   injury to most foes and up to half again as much damage against particularly
   susceptible opponents.
   It can also slow down cold-blooded creatures.
   It greatly protects you from fire.
   It lets you turn invisible.
   It lets you fly.
   It may make you go berserk in combat.
Missiles
 b - 10 javelins
 S - 24 poisoned darts (quivered)
Armour
 h - the +0 pair of gloves "Yrriseolao" (worn) {Str+3}
   (You bought it in a shop on level 2 of the Orcish Mines)

   It affects your strength (+3).
 w - a +0 hat of magic resistance (worn)
 z - a +0 large shield of protection (worn)
 B - a +4 chain mail of fire resistance
 C - a scarf of resistance (worn)
 U - a +1 chain mail of poison resistance (worn)
 X - the +1 pair of boots of Fanaticism (worn) {rElec}
   (You bought it in a shop on level 2 of the Orcish Mines)

   It insulates you from electricity.
Jewellery
 j - a ring of see invisible (right hand)
 m - a cursed ring of attention {unknown}
 u - an uncursed ring of protection from cold
 J - a +5 ring of protection {unknown}
 M - an uncursed ring of protection from magic
 P - a ring of resist corrosion (left hand)
Wands
 a - a wand of scattershot (7)
 o - a wand of flame (23)
 t - a wand of disintegration (14)
 v - a wand of acid (4)
 y - a wand of paralysis (2)
 I - a wand of digging (10)
 R - a wand of iceblast (39)
Scrolls
 g - 5 scrolls of remove curse
 i - a scroll of identify
 q - a scroll of magic mapping
 s - 18 scrolls of teleportation
 x - a scroll of fear
 G - a scroll of amnesia
 H - a scroll of summoning
 K - a scroll of enchant weapon
 W - 4 scrolls of fog
Potions
 c - 4 potions of magic
 d - 4 potions of might
 k - 2 potions of berserk rage {unknown}
 n - 3 potions of brilliance
 p - 3 potions of flight {unknown}
 r - 3 potions of haste
 A - 10 potions of curing
 D - 2 potions of agility
 E - a potion of ambrosia
 F - a potion of experience {unknown}
 L - 2 potions of resistance
 O - 3 potions of lignification
Comestibles
 f - 37 rations
 l - 4 chunks of flesh


   Skills:
 + Level 11.3 Fighting
 - Level 14.0 Long Blades
   Level 4.1(10.0) Axes
 - Level 13.7(14.0) Polearms
 + Level 6.4 Armour
 + Level 7.9 Dodging
 + Level 6.5 Shields
 + Level 4.1 Invocations


You had 14 spell levels left.
You didn't know any spells.
Your spell library contained the following spells:

 Spells                   Type           Power        Failure   Level  Hunger
 Animate Skeleton         Necr           N/A          100%        1    ##.....
 Apportation              Tloc           #.....       100%        1    ##.....
 Confusing Touch          Hex            #.....       100%        1    ##.....
 Corona                   Hex            #......      100%        1    ##.....
 Magic Dart               Conj           #...         100%        1    ##.....
 Summon Small Mammal      Summ           #...         100%        1    ##.....
 Blink                    Tloc           N/A          100%        2    ###....
 Call Imp                 Summ           #.......     100%        2    ###....
 Ensorcelled Hibernation  Hex/Ice        #.....       100%        2    ###....
 Slow                     Hex            #.......     100%        2    ###....
 Confuse                  Hex            #.......     100%        3    ####...
 Conjure Flame            Conj/Fire      #.......     100%        3    ####...
 Dazzling Spray           Conj/Hex       #.....       100%        3    ####...
 Inner Flame              Hex/Fire       #.......     100%        3    ####...
 Mephitic Cloud           Conj/Pois/Air  #.......     100%        3    ####...
 Portal Projectile        Hex/Tloc       #.....       100%        3    ####...
 Tukima's Dance           Hex            #.......     100%        3    ####...
 Cause Fear               Hex            #.........   100%        4    #####..
 Leda's Liquefaction      Hex/Erth       #.........   100%        4    #####..


Dungeon Overview and Level Annotations

Branches:
Dungeon (12/15)            Temple (1/1) D:6            Lair (6/6) D:10
 Shoals (0/4) Lair:3       Spider (0/4) Lair:2        Slime (0/5) Lair:6
    Orc (2/2) D:11            Elf (0/3) Orc:2       Volcano (visited)

Altars:
Ashenzari
Cheibriados
Dithmenos
Elyvilon
Fedhas
Gozag
Hepliaklqana
Kikubaaqudgha
Makhleb
Nemelex Xobeh
Okawaru
Qazlal
Ru
Sif Muna
Trog
Uskayaw
Vehumet
Wu Jian
Xom
Yredelemnul
Zin
The Shining One

Shops:
D:4 !   D:10 [[:[   D:11 ?   Orc:1 %   Orc:2 [[[[

Portals:
Trove: D:12 (give 10 potions of heal wounds)

Annotations:
Lair:6 exclusion: 4 oklob plants


Innate Abilities, Weirdness & Mutations

You have a pair of small horns on your head.
You are surrounded by a moderate repulsion field. (EV +3)
You may emit foul miasma when damaged in melee.
You sometimes gain power by taking damage.
You are immune to rotting.
You possess an exceptional clarity of mind.
You are dopey. (Int -2)


Message History

You block the slime creature's attack.
You slash the slime creature! You freeze the slime creature!
The slime creature is almost dead.
You block the slime creature's attack.
The very large slime creature hits you!!
You focus on the pain.
You feel agile all of a sudden.
You slash the very large slime creature!
You freeze the very large slime creature!
Your headbutt misses the very large slime creature.
The very large slime creature is lightly wounded.
Two slime creatures merge to form an enormous slime creature.
The cyclops throws a large rock.
The large rock hits you!!
You see here a large rock.
The gargoyle hurls a stone arrow at you.
The stone arrow misses you.
You feel yourself speed up.
The enormous slime creature hits you!!!!
Ouch! That really hurt!
You die...

#...........#..#####........#.#
#...........#..#............#.#
########..).#..#..#########.###
#....#..#..# #.... #....####..#
#.... #..........# #....
#######....).....#########....
#.............................
#.........9.J@...........#####
#.............####++#....#....
#.........(...# #...)#....
#..######.....# #....#.... #..#
#.....# #....+.... #..# #.....#
+....##### #..# #.....##
##........ #..# #.....C#
#........ #..# #......#
#........


You could see an enormous slime creature, a cyclops and a gargoyle.

Vanquished Creatures
  3 orc warlords
  The ghost of spsoon the Destroyer, a journeyman DEFE of the Shining One (Lair:6)
  An ettin (Orc:1)
  Fannar (Lair:1)
  9 hydras
  A centaur warrior (Orc:2)
  A catoblepas (Lair:6)
  3 two-headed ogres
  5 death yaks
  Sonja (D:10)
  A hell knight (Volcano)
  Pikel (D:5)
  2 orc knights (Orc:2)
  A lindwurm (Lair:3)
  3 orc sorcerers
  An oklob plant (Lair:5)
  An ugly thing (Volcano)
  16 elephants
  A cyclops (Orc:2)
  6 black mambas
  A smoke demon (Volcano)
  22 spiny frogs
  2 molten gargoyles (Volcano)
  8 komodo dragons
  6 rime drakes
  A komodo dragon (shapeshifter) (D:12)
  A red devil (Volcano)
  A queen bee (Lair:4)
  8 trolls
  3 meliai (Lair:4)
  A polar bear (Lair:5)
  A hornet (D:8)
  27 blink frogs
  4 tyrant leeches (Lair:6)
  7 hippogriffs
  A snapping turtle (Lair:3)
  A redback (Lair:2)
  A meliai zombie (D:11)
  Sigmund (D:6)
  7 spriggans (Lair:2)
  43 yaks
  2 fire bats (Volcano)
  2 wyverns (Lair:4)
  3 basilisks
  6 vampire mosquitoes (Lair:6)
  2 hungry ghosts
  Menkaure (D:6)
  9 wargs
  14 water moccasins
  2 hell hounds (Volcano)
  12 porcupines
  54 orc warriors
  An ice beast (D:10)
  3 sky beasts
  3 black bears
  6 necrophages
  2 phantoms
  A hornet zombie (D:7)
  14 wolves
  14 ogres
  23 centaurs
  15 crocodiles
  2 big kobolds (D:7)
  27 bullfrogs
  Blork the orc (D:5)
  6 scorpions
  44 killer bees
  3 howler monkeys
  4 wights (D:11)
  2 electric eels
  5 crimson imps
  3 centaur zombies
  5 lava snakes (Volcano)
  3 bullfrog zombies
  7 hounds
  2 jellies
  13 orc priests
  Crazy Yiuf (D:3)
  23 orc wizards
  2 bullfrog skeletons
  2 centaur skeletons
  Jessica (D:3)
  An iguana (D:3)
  Ijyb (D:5)
  10 worker ants
  2 hell rats (Lair:4)
  A killer bee zombie (D:9)
  A hound zombie (D:6)
  2 hound skeletons
  4 mummies (D:11)
  2 worker ant zombies
  3 gnolls
  A howler monkey skeleton (D:5)
  17 adders
  A shadow imp (D:9)
  2 oozes
  2 adder skeletons (D:7)
  3 worms
  5 dart slugs
  4 leopard geckos
  96 orcs
  2 ball pythons
  8 giant cockroaches
  8 goblins
  13 hobgoblins
  8 jackals
  6 quokkas
  8 bats
  3 frilled lizards
  17 kobolds
  A quokka zombie (D:10)
  4 rats
  A fungus (Lair:4)
  2 plants (Lair:6)
790 creatures vanquished.

Vanquished Creatures (others)
  A big kobold (D:7)
  3 bullfrogs (D:7)
  An orc priest (D:7)
  An orc (D:7)
  23 fungi
  65 plants
  4 withered plants (D:11)
98 creatures vanquished.

Grand Total: 888 creatures vanquished

Notes
Turn   | Place    | Note
-------+----------+-------------------------------------------
     0 | D:1      | Faels the Demonspawn Fighter began the quest for the Orb.
     0 | D:1      | Reached XP level 1. HP: 18/18 MP: 1/1
   208 | D:1      | Gained mutation: You are surrounded by a mild repulsion
                  | field. (EV +2) [demonic ancestry]
   208 | D:1      | Reached XP level 2. HP: 21/24 MP: 2/2
   812 | D:1      | Reached XP level 3. HP: 29/29 MP: 3/3
  1655 | D:2      | Reached XP level 4. HP: 35/35 MP: 4/4
  1885 | D:2      | Found an ancient bone altar of Kikubaaqudgha.
  2662 | D:3      | Noticed a +0 hand axe
  2662 | D:3      | Noticed a +0 hand axe
  2666 | D:3      | Found a hide-covered altar of Uskayaw.
  2766 | D:3      | Reached XP level 5. HP: 39/41 MP: 5/5
  3019 | D:3      | Found a shattered altar of Ashenzari.
  3124 | D:3      | Noticed Jessica
  3130 | D:3      | Killed Jessica
  3210 | D:3      | Found a runed translucent door.
  3211 | D:3      | Noticed Crazy Yiuf
  3221 | D:3      | Killed Crazy Yiuf
  3792 | D:3      | Gained mutation: You sometimes gain a little power by
                  | taking damage. [demonic ancestry]
  3792 | D:3      | Reached XP level 6. HP: 40/48 MP: 6/6
  3932 | D:4      | Found a snail-covered altar of Cheibriados.
  4124 | D:4      | Got a jewelled long sword
  4144 | D:4      | Identified the +8 long sword of the Elven Halls {freeze,
                  | rC+ Dex-3 Stlth+} (You found it on level 4 of the Dungeon)
  4399 | D:4      | Reached skill level 1 in Long Blades
  4710 | D:4      | Found Ataewu Zior's Distillery.
  4717 | D:4      | Reached skill level 2 in Long Blades
  4763 | D:4      | Bought a potion of mutation for 88 gold pieces
  4763 | D:4      | Bought a potion of heal wounds for 55 gold pieces
  4763 | D:4      | Bought a potion of curing for 33 gold pieces
  4763 | D:4      | Bought a potion of curing for 33 gold pieces
  4763 | D:4      | Bought a potion of curing for 33 gold pieces
  4822 | D:4      | Gained mutation: You are immune to rotting. [demonic
                  | ancestry]
  4822 | D:4      | Reached XP level 7. HP: 49/54 MP: 7/7
  4827 | D:4      | Reached skill level 3 in Long Blades
  5119 | D:5      | Entered Level 5 of the Dungeon
  5226 | D:5      | Found a white marble altar of Elyvilon.
  5308 | D:5      | Noticed Ijyb
  5318 | D:5      | Killed Ijyb
  5424 | D:5      | Reached skill level 4 in Long Blades
  5459 | D:5      | Found an iron altar of Okawaru.
  5464 | D:5      | Became a worshipper of Warmaster Okawaru
  5524 | D:5      | Noticed Pikel
  5549 | D:5      | Killed Pikel
  5549 | D:5      | Reached * piety under Okawaru
  5549 | D:5      | Reached ** piety under Okawaru
  5549 | D:5      | Reached skill level 6 in Long Blades
  5549 | D:5      | Gained mutation: You are surrounded by a moderate repulsion
                  | field. (EV +3) [demonic ancestry]
  5549 | D:5      | Reached XP level 8. HP: 57/60 MP: 8/8
  5567 | D:5      | Noticed Blork the orc
  5587 | D:5      | Killed Blork the orc
  5591 | D:5      | Reached skill level 7 in Long Blades
  6260 | D:6      | Noticed Sigmund
  6264 | D:6      | Killed Sigmund
  6264 | D:6      | Reached *** piety under Okawaru
  6264 | D:6      | Reached skill level 8 in Long Blades
  6354 | D:6      | Found a bloodstained altar of Trog.
  6458 | D:6      | Noticed Menkaure
  6465 | D:6      | Killed Menkaure
  6465 | D:6      | Reached XP level 9. HP: 66/66 MP: 9/9
  6540 | D:6      | Found a staircase to the Ecumenical Temple.
  6852 | Temple   | Entered the Ecumenical Temple
  7829 | D:7      | Reached skill level 5 in Fighting
  7829 | D:7      | Reached skill level 9 in Long Blades
  7833 | D:7      | Reached skill level 1 in Dodging
  7918 | D:7      | Reached **** piety under Okawaru
  8221 | D:7      | Found a shimmering altar of Xom.
  8812 | D:8      | Reached ***** piety under Okawaru
  8973 | D:8      | Reached XP level 10. HP: 74/76 MP: 10/10
  8975 | D:8      | Reached skill level 10 in Long Blades
  9100 | D:8      | Noticed a two-headed ogre
  9112 | D:8      | Killed a two-headed ogre
  9604 | D:8      | Found a shattered altar of Ashenzari.
  9604 | D:8      | Identified the +5 trident of Departure {freeze, *Rage +Inv
                  | +Fly rF++}
  9623 | D:8      | Received a gift from Okawaru
  9953 | D:8      | Gained mutation: You are dopey. (Int -2) [potion of
                  | mutation]
  9953 | D:8      | Gained mutation: You possess an exceptional clarity of
                  | mind. [potion of mutation]
 10325 | D:8      | Found a stormy altar of Qazlal.
 10609 | D:9      | Found a shadowy altar of Dithmenos.
 10609 | D:9      | Found a shimmering blue altar of Sif Muna.
 10609 | D:9      | Found a glowing golden altar of the Shining One.
 10610 | D:9      | Found a burning altar of Makhleb.
 10929 | D:9      | Found a sparkling altar of Nemelex Xobeh.
 10929 | D:9      | Found an opulent altar of Gozag.
 11044 | D:10     | Entered Level 10 of the Dungeon
 11290 | D:10     | Found a staircase to the Lair.
 11329 | D:10     | Found Bewneroq's Armour Shoppe.
 11336 | D:10     | Bought a +0 large shield of protection for 126 gold pieces
 11367 | D:10     | Reached skill level 11 in Long Blades
 11422 | D:10     | Found Wuec's Antique Armour Boutique.
 11427 | D:10     | Bought a pair of embroidered boots for 187 gold pieces
 11566 | D:10     | Noticed Sonja
 11592 | D:10     | Killed Sonja
 11592 | D:10     | Received a gift from Okawaru
 11592 | D:10     | Reached skill level 5 in Dodging
 11782 | D:10     | Found Xynwebuw's Antique Armour Shoppe.
 11885 | D:10     | Reached XP level 11. HP: 79/84 MP: 11/11
 11997 | D:10     | Found Cetic's Book Shoppe.
 12808 | D:11     | Reached skill level 12 in Long Blades
 12908 | D:11     | Found a staircase to the Orcish Mines.
 13177 | D:11     | Noticed a two-headed ogre
 13193 | D:11     | Killed a two-headed ogre
 13203 | D:11     | Found Ibeil's Magic Scroll Emporium.
 13215 | D:11     | Bought a scroll of fog for 26 gold pieces
 13215 | D:11     | Bought a scroll of magic mapping for 45 gold pieces
 13215 | D:11     | Bought a scroll of identify for 26 gold pieces
 13508 | Lair:1   | Entered Level 1 of the Lair of Beasts
 13567 | D:10     | Reached skill level 1 in Polearms
 13674 | D:10     | Received a gift from Okawaru
 14073 | D:10     | Reached XP level 12. HP: 93/95 MP: 12/12
 14506 | Lair:1   | Noticed Fannar
 14555 | Lair:1   | Killed Fannar
 14555 | Lair:1   | Reached skill level 13 in Long Blades
 14858 | Lair:1   | Got a steaming scale mail
 14869 | Lair:1   | Identified the cursed +0 scale mail "Pila Eha" {MR+} (You
                  | found it on level 1 of the Lair of Beasts)
 15562 | Lair:2   | Found a glowing silver altar of Zin.
 15870 | Lair:2   | Reached skill level 5 in Polearms
 15905 | Lair:2   | Noticed a four-headed hydra
 15919 | Lair:2   | Killed a four-headed hydra
 16189 | Lair:2   | Found a hole to the Spider Nest.
 16218 | Lair:2   | Received a gift from Okawaru
 16222 | Lair:2   | Got a bloodstained scimitar {god gift}
 16228 | Lair:2   | Identified the +5 scimitar "Hizun" {chaos, +Blink Str+3
                  | SInv} (Okawaru gifted it to you on level 2 of the Lair of
                  | Beasts)
 16391 | Lair:2   | Reached skill level 10 in Fighting
 16676 | Lair:2   | Noticed an eight-headed hydra
 16687 | Lair:2   | Killed an eight-headed hydra
 16735 | Lair:2   | Reached ****** piety under Okawaru
 17147 | Lair:3   | Noticed a four-headed hydra
 17156 | Lair:3   | Killed a four-headed hydra
 17156 | Lair:3   | Gained mutation: You sometimes gain power by taking damage.
                  | [demonic ancestry]
 17156 | Lair:3   | Reached XP level 13. HP: 81/103 MP: 13/13
 17402 | Lair:3   | Reached skill level 14 in Long Blades
 17410 | Lair:3   | Received a gift from Okawaru
 18135 | Lair:3   | Found a staircase to the Shoals.
 18577 | Lair:4   | Reached skill level 5 in Shields
 18644 | Lair:4   | Reached skill level 5 in Armour
 18698 | Lair:4   | Found a dark tunnel.
 18703 | Volcano  | Entered a volcano
 19213 | Volcano  | Found a radiant altar of Vehumet.
 19993 | Lair:4   | Received a gift from Okawaru
 20546 | Lair:4   | Got a slimy leather armour
 20688 | Lair:4   | Identified the +1 leather armour of the Other World
                  | {*Corrode rElec Dex+4} (You found it on level 4 of the Lair
                  | of Beasts)
 22240 | Lair:5   | Gained mutation: You have a pair of small horns on your
                  | head. [demonic ancestry]
 22240 | Lair:5   | Reached XP level 14. HP: 54/111 MP: 14/14
 22519 | Lair:5   | Received a gift from Okawaru
 22519 | Lair:5   | Reached skill level 10 in Polearms
 23008 | Lair:5   | Received a gift from Okawaru
 23866 | Lair:6   | Entered Level 6 of the Lair of Beasts
 24187 | Lair:6   | Found a runed translucent gate.
 24187 | Lair:6   | Found a runed translucent gate.
 24187 | Lair:6   | Found a runed translucent gate.
 24187 | Lair:6   | Noticed spsoon's ghost (journeyman DEFE)
 25391 | Lair:6   | Received a gift from Okawaru
 25528 | Lair:6   | Killed spsoon's ghost
 25749 | Lair:6   | Found a staircase to the Slime Pits.
 27377 | Orc:1    | Entered Level 1 of the Orcish Mines
 27551 | Orc:1    | Found Ykuamumm's Food Boutique.
 28327 | Orc:2    | Entered Level 2 of the Orcish Mines
 29111 | Orc:2    | Noticed an orc warlord
 29180 | Orc:1    | Killed an orc warlord
 29180 | Orc:1    | Reached skill level 1 in Invocations
 29180 | Orc:1    | Gained mutation: You may emit foul miasma when damaged in
                  | melee. [demonic ancestry]
 29180 | Orc:1    | Reached XP level 15. HP: 72/118 MP: 15/15
 29498 | Orc:2    | Noticed an orc warlord
 29559 | Orc:2    | Killed an orc warlord
 30828 | Orc:2    | Found a staircase to the Elven Halls.
 30865 | Orc:2    | Identified the +4 hand crossbow of Greed {venom, Dex+3}
 30865 | Orc:2    | Noticed an orc warlord
 30966 | Orc:1    | HP: 4/118 [orc warrior/+0 short sword[an orc warlord] (12)]
 30968 | Orc:1    | Killed an orc warlord
 30968 | Orc:1    | Received a gift from Okawaru
 30971 | Orc:1    | Got a slimy trident {god gift}
 31365 | Orc:1    | Identified the +2 trident of Qitt {freeze, Dex+2} (Okawaru
                  | gifted it to you on level 1 of the Orcish Mines)
 32753 | Orc:2    | Found Locsuvel's Antique Armour Boutique.
 32753 | Orc:2    | Found Cukovi's Antique Armour Emporium.
 32755 | Orc:2    | Found Zaus's Armour Shoppe.
 32757 | Orc:2    | Found Jafiexer's Armour Shop.
 32773 | Orc:2    | Bought the +1 pair of boots of Fanaticism {rElec} for 376
                  | gold pieces
 32773 | Orc:2    | Bought the cursed +0 pair of gloves "Yrriseolao" {Str+3}
                  | for 236 gold pieces
 32809 | Orc:2    | Bought a spiked scale mail for 288 gold pieces
 32819 | Orc:2    | Identified the cursed +0 scale mail "Yguiddu" {rC+ MP+9}
                  | (You bought it in a shop on level 2 of the Orcish Mines)
 34114 | D:12     | Found a portal to a secret trove of treasure.
 34406 | D:12     | Mangled by an enormous slime creature

Levels and vault maps discovered:
D:1:      giann_wishing_wells, layout_basic, serial_glass, glass_columns_b,
          glass_columns_b, glass_columns_b, glass_columns_b, glass_columns_c,
          glass_columns_a, st_stairs_11, minmay_misc_feat_chi, fountainhead,
          lemuel_old_faithful
D:2:      layout_basic, kiku_gazebo_garden_becter
D:3:      minmay_inner_zag, layout_loops_ring, dancing_weapons_uskayaw,
          nicolae_ashenzari_panopticon, uniq_crazy_yiuf_cottage, uniq_jessica
D:4:      layout_cave_pods, lemuel_coloured_pillars_altar,
          kennysheep_windowed_goal
D:5:      layout_basic, lemuel_doored_altar, first_ration, elyvilon_altar_5,
          uniq_ijyb, uniq_blork_the_orc, uniq_pikel
D:6:      layout_loops_ring, temple_doors_e, trog_ov_bears_minmay, uniq_sigmund,
          uniq_menkaure
D:7:      layout_loops_ring, xom_confusion_cloud, grunt_ogre_cave,
          nicolae_zen_rock_garden
D:8:      layout_basic, old_standard_altar, lemuel_round_altar
D:9:      layout_rooms, grunt_temple_overflow_opulence,
          chequers_temple_overflow_statue_of_worship
D:10:     layout_roguey, lair_entry_dummy, serial_shops, shop, shop_statue,
          kennysheep_little_box, shop, minmay_misc_feat_more_columns, uniq_sonja
D:11:     layout_roguey, minmay_orc_entry_guard_dogs, serial_undead,
          serial_undead_a, serial_undead_b, serial_undead_a, serial_undead_d,
          serial_undead_a, serial_undead_b, serial_undead_c, serial_undead_d,
          serial_shops, shop
D:12:     layout_irregular_city, nicolae_trove_entry_free_sample
Temple:   grunt_temple_mini_profane
Lair:1:   layout_regular_city, chequers_serial_rivers_large_a,
          grunt_megastairs_3, uniq_fannar
Lair:2:   kb_forest_paths, layout_regular_city, spider_nest_entry_webs,
          basic_altar, beast_lair_carwin_9, serial_bayou_shore_b,
          lemuel_fruit_tree
Lair:3:   layout_regular_city, minmay_shoals_entry_hut, lemuel_fruit_fields
Lair:4:   regret_index_combs_of_tragedy, layout_misc_corridors,
          nicolae_volcano_entry_s_turn
Lair:5:   layout_regular_city, grunt_megastairs_5
Lair:6:   minmay_lair_end_frog_pond, layout_regular_city,
          minmay_slime_entry_oklob_open, ebering_ghost_rock_garden,
          nicolae_lair_yak_garden
Orc:1:    layout_caves, serial_shops, shop, nooodl_orcs_dogs
Orc:2:    st_orc_rangers, layout_diamond_mine, minmay_orc_treasury
